 Dungeon Crawl Stone Soup version 0.29-a0-338-g1ff7896281 (webtiles) character file.

Game seed: 17505883454390131546

578 Gargoyl the Covered (level 7, -4/44 HPs)
             Began as a Gargoyle Abyssal Knight on Apr 19, 2022.
             Was an Elder of Lugonu.
             Killed from afar by an orc wizard (6 damage)
             ... with a puff of flame
             ... on level 4 of the Dungeon.
             The game lasted 00:05:47 (3615 turns).

Gargoyl the Covered (Gargoyle Abyssal Knight)       Turns: 3615, Time: 00:05:48

Health: -4/44      AC: 19    Str: 16 (19) XL:     7   Next: 35%
Magic:  8/8        EV:  7    Int:  8 (10) God:    Lugonu [****..]
Gold:   103        SH:  0    Dex:  9 (10) Spells: 6/6 levels left

rFire   . . .      SeeInvis .   a - +2 hand axe
rCold   . . .      Faith    .   (no shield)
rNeg    + . .      Spirit   .   l - +0 chain mail
rPois   ∞          Reflect  .   h - +2 helmet
rElec   +          Harm     .   (no cloak)
rCorr   .          Rampage  .   g - +0 pair of gloves
Will    .....                   (no boots)
Stlth   ..........              m - amulet of magic regeneration
HPRegen 0.14/turn               (no ring)
MPRegen 0.51/turn               (no ring)

@: no status effects
A: sickness immunity, AC +4, negative energy resistance 1, electricity
resistance, torment resistance 1, petrification resistance
a: Renounce Religion, Depart the Abyss, Bend Space, Banish, Corrupt


You were on level 4 of the Dungeon.
You worshipped Lugonu.
Lugonu was greatly pleased with you.
You visited 1 branch of the dungeon, and saw 4 of its levels.
You visited the Abyss 1 time.

You collected 228 gold pieces.
You spent 125 gold pieces at shops.

Inventory:

Hand Weapons
 a - a +2 hand axe (weapon)
Missiles
 f - 9 poisoned darts (quivered)
 i - a throwing net
Armour
 g - a +0 pair of gloves (worn)
 h - a +2 helmet (worn)
 l - a +0 chain mail (worn)
Jewellery
 m - an amulet of magic regeneration (around neck)
Wands
 o - a wand of paralysis (13)
Scrolls
 b - a scroll of blinking {unknown}
 p - a scroll of fear
Potions
 d - a potion of flight {unknown}
 e - a potion of might {unknown}
 j - a potion of curing {unknown}
 n - a potion of resistance {unknown}


   Skills:
 + Level 4.7 Fighting
 + Level 4.7 Axes
 + Level 0.4 Throwing
 + Level 5.0 Armour
 + Level 1.4 Dodging
 + Level 1.6 Stealth
 + Level 2.2 Invocations


You had 6 spell levels left.
You didn't know any spells.
Your spell library contained the following spells:

 Spells                   Type           Power      Damage    Failure   Level
 Ensorcelled Hibernation  Hex/Ice        0%         N/A       100%        2
 Spider Form              Tmut/Pois      0%         N/A       100%        3
 Anguish                  Hex/Necr       0%         N/A       100%        4


Dungeon Overview and Level Annotations

Branches:
Dungeon (4/15)             Temple (0/1) D:4

Altars:
Elyvilon
Makhleb
Xom

Shops:
D:4 *


Innate Abilities, Weirdness & Mutations

You are immune to sickness and miasma.
Your stone body is resilient. (AC +4)
You are immune to poison.
You resist negative energy. (rN+)
You are resistant to electric shocks. (rElec)
You are resistant to unholy torment.
You are immune to petrification.


Message History

The orc wizard hits you but does no damage. x2
You barely miss the orc wizard.
The orc wizard is moderately wounded.
You closely miss the orc wizard. You barely miss the orc.
The orc priest invokes the aid of Beogh against you.
Beogh smites you!
The orc wizard points at you and mumbles some strange words.
You resist with some effort. The orc hits you but does no damage.
The orc wizard hits you but does no damage.
You barely miss the orc wizard.
The orc wizard is moderately wounded.
You hit the orc but do no damage. You barely miss the orc wizard.
The orc wizard barely misses you. The orc closely misses you.
You hit the orc wizard.
The orc wizard is heavily wounded.
You closely miss the orc. You closely miss the orc wizard.
The orc wizard casts a spell.
The orc wizard flickers and vanishes!
Deactivating autopickup; reactivate with Ctrl-A.
The orc hits you but does no damage. The orc wizard closely misses you.
You closely miss something. You closely miss the orc priest.
You miss the orc wizard. You hit the orc but do no damage.
The orc priest hits you but does no damage.
You hear some strange, mumbled words.
A puff of flame appears from out of thin air!
The puff of flame hits you! The orc hits you but does no damage.
The orc wizard casts a spell.
The orc wizard flickers and vanishes!
Something hits you but does no damage.
The orc priest hits you but does no damage.
You hit the orc priest.
The orc priest is moderately wounded.
You hit something. You hit the orc. You barely miss something.
The orc hits you but does no damage. Something hits you but does no damage.
The orc priest invokes the aid of Beogh against you.
Beogh smites you!
* * * LOW HITPOINT WARNING * * *
You hear some strange, mumbled words.
A puff of flame appears from out of thin air!
The puff of flame hits you.
You die...

.......##......#.#
.######........).#
.#_._##.#.....####
.#...##.#.#...#..
.#...##.#.#>..#.#######
.##'###.#.##..#........
....#.....##........#
...####.####........#
...#.....####..{@...#
####.####..####o{o..#
### #### ##....# #....#
#...... .....### .#####
.


You could see an orc priest and an orc.

Vanquished Creatures
  A black bear (D:4)
  A centaur (D:4)
  A scorpion (D:4)
  A crimson imp (D:4)
  2 hounds (D:4)
  A jelly (D:4)
  2 orc priests (D:4)
  Jessica (D:2)
  2 orc wizards (D:4)
  An adder (D:3)
  2 worms (D:4)
  2 dart slugs
  8 orcs
  6 bats
  6 endoplasms
  3 giant cockroaches
  2 goblins
  10 hobgoblins
  2 jackals (D:2)
  6 kobolds
  A quokka (D:1)
  10 ball pythons
  6 frilled lizards
  5 rats
82 creatures vanquished.

Vanquished Creatures (others)
  A plant (D:1)
1 creature vanquished.

Grand Total: 83 creatures vanquished

Notes
Turn   | Place    | Note
-------+----------+-------------------------------------------
     0 | Abyss:1  | Gargoyl the Gargoyle Abyssal Knight began the quest for the
                  | Orb.
     0 | Abyss:1  | Reached XP level 1. HP: 14/14 MP: 2/2
    58 | D:1      | Escaped the Abyss
   202 | D:1      | Reached XP level 2. HP: 15/19 MP: 3/3
   773 | D:1      | Reached XP level 3. HP: 22/24 MP: 4/4
  1261 | D:2      | Noticed Jessica
  1275 | D:2      | Killed Jessica
  1276 | D:2      | Reached skill level 1 in Dodging
  1324 | D:2      | Reached XP level 4. HP: 26/29 MP: 5/5
  1474 | D:2      | Found a faded altar of an unknown god.
  1522 | D:2      | Reached *** piety under Lugonu
  1976 | D:2      | Reached skill level 3 in Armour
  2380 | D:3      | Found a white marble altar of Elyvilon.
  2543 | D:4      | Noticed a centaur
  2553 | D:4      | Killed a centaur
  2554 | D:4      | Reached XP level 5. HP: 31/33 MP: 6/6
  2570 | D:4      | Found a shimmering altar of Xom.
  2570 | D:4      | Found a burning altar of Makhleb.
  2597 | D:4      | Reached skill level 4 in Armour
  2615 | D:4      | Reached XP level 6. HP: 39/39 MP: 7/7
  2688 | D:4      | Reached skill level 1 in Stealth
  2886 | D:4      | Found a staircase to the Ecumenical Temple.
  3015 | D:4      | Found Siujiap's Assorted Antiques.
  3027 | D:4      | Bought a potion of heal wounds for 125 gold pieces
  3074 | D:4      | Reached **** piety under Lugonu
  3146 | D:4      | Reached XP level 7. HP: 39/44 MP: 8/8
  3289 | D:4      | Reached skill level 5 in Armour
  3615 | D:4      | HP: 2/44 [orc priest/divine providence (15)]
  3615 | D:4      | Killed from afar by an orc wizard

Illustrated notes

Levels and vault maps discovered:
D:1:      minmay_arrival_four_houses, layout_loops_ring, serial_bayou_ford_a,
          st_stairs_8, dreamdust_princess_bridge,
          amcnicky_mini_rare_corridor_liquid
D:2:      layout_basic, hellmonk_ecumenical_altar_run_dry, grunt_ministairs_13,
          chequers_serial_rivers_large_a, uniq_jessica
D:3:      layout_rooms, lemuel_doored_altar
D:4:      layout_basic, grunt_temple_overflow_champion_of_chaos,
          minmay_temple_entry_stoned_glass, serial_shops, nicolae_shop_stone,
          gup_sewer_entry_bubbles

Skill      XL: |  1  2  3  4  5  6  7 |
---------------+----------------------+-----
Axes           | 2 3 4 |  4.7
Fighting       | 4 |  4.7
Dodging        | 1 |  1.4
Armour         | 3 4 5 |  5.0
Stealth        | 1 |  1.6
Throwing       | |  0.4
Invocations    | |  2.2

Action                   |  1- 3 |  4- 6 |  7- 9 || total
-------------------------+-------+-------+-------++-------
Melee: Hand axe          |    81 |   180 |    24 ||   285
Throw: Dart              |       |     3 |     9 ||    12
       Throwing net      |       |       |     1 ||     1
Invok: Depart the Abyss  |     1 |       |       ||     1
       Bend Space        |       |       |     2 ||     2
  Use: Scroll            |     3 |     4 |       ||     7
       Potion            |       |     2 |     4 ||     6
Armor: Leather armour    |    39 |       |       ||    39
       Chain mail        |    12 |   168 |    61 ||   241
Dodge: Dodged            |    59 |   102 |    33 ||   194

Table legend: (Time is in decaauts)
 A = Elapsed time spent in this place.
 B = Non-inter-level travel time spent in this place.
 C = Inter-level travel time spent in this place.
 D = Time resting spent in this place.
 E = Time spent auto-exploring this place.
 F = Levels seen in this place.
 G = Mean time per level.
                   A        B        C        D        E       F      G
               +--------+--------+--------+--------+--------+-----+--------+
         Total |   3682 |   3569 |    113 |    149 |   2493 |   5 |  736.4 |
       Dungeon |   3624 |   3511 |    113 |    149 |   2438 |   4 |  906.0 |
         Abyss |     58 |     58 |      0 |      0 |     55 |   1 |   58.0 |
               +--------+--------+--------+--------+--------+-----+--------+

Top non-repeatable levels by time:
     D:1: 1210 daAuts
     D:4: 1084 daAuts
     D:2: 825 daAuts
     D:3: 504 daAuts
 Abyss:1: 58 daAuts
